 Dungeon Crawl Stone Soup version 0.31.0-12-g77e489cdc1 (webtiles) character file.

Game seed: 12684136162370074719

72506 12345 the Fencer (level 15, -3/96 HPs)
             Began as a Tengu Summoner on Mar 4, 2024.
             Was the Champion of Elyvilon.
             Shot with an arrow by a centaur warrior (9 damage)
             ... on level 13 of the Dungeon.
             The game lasted 01:51:24 (29766 turns).

12345 the Fencer (Tengu Summoner)                  Turns: 29766, Time: 01:51:24

Health: -3/96      AC: 15    Str:  9    XL:     15   Next: 40%
Magic:  25/25      EV: 22    Int: 16    God:    Elyvilon [******]
Gold:   1006       SH:  0    Dex: 21    Spells: 12/26 levels left

rFire   + . .        a - +1 great sword (flame)
rCold   . . .        (shield currently unavailable)
rNeg    . . .        K - quicksilver dragon scales
rPois   .            T - +0 hat {Will+}
rElec   .            R - +2 cloak {rF+}
rCorr   +            u - +0 pair of gloves
SInv    +            (boots unavailable)
Will    +++++        (no amulet)
Stlth   ++           I - ring "Zaur Oro" {Will++ rCorr}
HPRegen 0.36/turn    D - ring of see invisible
MPRegen 0.19/turn

%: acrobat
@: about to teleport, flying
A: beak, talons 3, evasive flight, acrobatic
a: Renounce Religion, Purification, Heal Other, Heal Self, Divine Vigour


You were on level 13 of the Dungeon.
You worshipped Elyvilon.
Elyvilon was exalted by your worship.
You visited 3 branches of the dungeon, and saw 20 of its levels.
You also visited: Volcano.

You collected 1676 gold pieces.
You spent 670 gold pieces at shops.

Inventory:

Hand Weapons
 a - a +1 great sword of flaming (weapon)
 U - a +1 great sword
Missiles
 q - 49 poisoned darts (quivered)
 G - 4 throwing nets
 M - 9 curare-tipped darts
Armour
 n - the +3 leather armour of Mumblety Peg {rF+ rC+ Int+3}
   (You found it on level 6 of the Dungeon)

   Int+3:     It affects your intelligence (+3).
   rF+:       It protects you from fire.
   rC+:       It protects you from cold.
 u - a +0 pair of gloves (worn)
 K - quicksilver dragon scales (worn)
 N - the +1 robe "Fis Rojy" {rElec Will+}
   (You took it off an efreet on level 10 of the Dungeon)

   rElec:     It insulates you from electricity.
   Will+:     It increases your willpower.
 R - a +2 cloak of fire resistance (worn)
 T - a +0 hat of willpower (worn)
Magical Staves
 f - a staff of fire
Jewellery
 m - a ring of wizardry
 D - a ring of see invisible (right hand)
 I - the ring "Zaur Oro" (left hand) {Will++ rCorr}
   (You bought it in a shop on level 3 of the Dungeon)

   [ring of resist corrosion]

   Will++:    It greatly increases your willpower.
   rCorr:     It protects you from acid and corrosion.
 W - a ring of poison resistance
Wands
 s - a wand of iceblast (10)
 J - a wand of mindburst (11)
 L - a wand of paralysis (24)
 P - a wand of polymorph (2)
 V - a wand of quicksilver (7)
 X - a wand of digging (5)
 Y - a wand of flame (9)
Scrolls
 c - 4 scrolls of blinking
 d - a scroll of poison
 e - 2 scrolls of fog
 h - 3 scrolls of fear
 k - a scroll of vulnerability
 p - 3 scrolls of teleportation
 v - a scroll of revelation
 y - a scroll of immolation
 z - a scroll of noise {unknown}
 C - 2 scrolls of amnesia
 E - 2 scrolls of torment {unknown}
 F - 2 scrolls of summoning {unknown}
 O - a scroll of brand weapon {unknown}
Potions
 b - 5 potions of cancellation
 g - 3 potions of heal wounds
 i - 7 potions of curing
 j - 4 potions of might
 l - a potion of berserk rage
 o - 5 potions of attraction
 r - 2 potions of lignification
 t - 4 potions of ambrosia
 w - 3 potions of brilliance
 x - 9 potions of magic
 A - 4 potions of enlightenment
 B - 7 potions of mutation
 H - 5 potions of haste
 Q - 2 potions of invisibility {unknown}
 S - 3 potions of resistance


   Skills:
 + Level 12.2 Fighting
 * Level 15.1 Long Blades
 - Level 5.1 Armour
 * Level 13.6 Dodging
 - Level 2.0 Stealth
 - Level 6.0 Spellcasting
 + Level 11.8 Summonings
 - Level 2.0 Ice Magic
 - Level 7.0 Air Magic
 + Level 7.8 Invocations


You had 12 spell levels left.
You knew the following spells:

 Your Spells              Type           Power      Damage    Failure   Level
a - Summon Small Mammal   Summ           100%       N/A       1%          1
b - Summon Ice Beast      Ice/Summ       26%        N/A       6%          3
c - Call Canine Familiar  Summ           42%        N/A       1%          3
d - Summon Lightning Spi  Summ/Air       34%        N/A       7%          4
e - Swiftness             Air            27%        N/A       6%          3

Your spell library contained the following spells:

 Spells                   Type           Power      Damage    Failure   Level
 Call Imp                 Summ           84%        N/A       1%          2
 Shock                    Conj/Air       64%        1d7       9%          1
 Freeze                   Ice            44%        1d6       16%         1
 Airstrike                Air            13%        2d(2-18)  19%         4
 Martyr's Knell           Necr/Summ      23%        N/A       30%         4
 Summon Blazeheart Golem  Fire/Summ      23%        N/A       30%         4
 Necrotise                Necr           16%        1d4       34%         1
 Frozen Ramparts          Ice            22%        1d4       41%         3
 Ozocubu's Armour         Ice            11%        N/A       41%         3
 Jinxbite                 Hex            8%         N/A       45%         2
 Hailstorm                Conj/Ice       8%         3d5       56%         3
 Fugue of the Fallen      Necr           4%         N/A       71%         3
 Vampiric Draining        Necr           4%         2d6       71%         3
 Manifold Assault         Tloc           4%         N/A       98%         4
 Metabolic Englaciation   Hex/Ice        4%         N/A       99%         5
 Curse of Agony           Necr           4%         N/A       100%        5
 Yara's Violent Unravell  Hex/Alch       2%         3d3       100%        5
 Dispersal                Tloc           2%         N/A       100%        6
 Sculpt Simulacrum        Ice/Alch       4%         N/A       100%        6
 Enfeeble                 Hex            2%         N/A       100%        7
 Disjunction              Tloc           2%         N/A       100%        8


Dungeon Overview and Level Annotations

Branches:
Dungeon (14/15)            Temple (1/1) D:6            Lair (5/5) D:10
  Swamp (0/4) Lair:3       Spider (0/4) Lair:3        Slime (0/5) Lair:4
    Orc (0/2) D:11         Vaults (0/5) D:14        Volcano (visited)

Altars:
Ashenzari
Cheibriados
Dithmenos
Elyvilon
Fedhas
Gozag
Hepliaklqana
Kikubaaqudgha
Makhleb
Nemelex Xobeh
Okawaru
Qazlal
Ru
Sif Muna
Trog
Uskayaw
Vehumet
Wu Jian
Xom
Yredelemnul
Zin
The Shining One
Jiyva
Lugonu

Shops:
D:3 =   D:10 ?

Portals:
Abyss: Lair:5

Annotations:
D:7 gold behind iron grates


Innate Abilities, Weirdness & Mutations

You have a beak for a mouth.
You have claws for feet.
Your magical flight helps you evade attacks. (EV +4)
You can magically evade attacks while moving or waiting.


Message History

HP restored.
There is a stone staircase leading down, spattered with blood here.
You fly downwards.
The boulder beetle bites you but does no damage.
The boulder beetle curls into a ball and begins rolling!
The vault guard hits you with a +2 battleaxe!!
The boulder beetle closely misses you.
There is a stone staircase leading up, spattered with blood here.
Unknown command.
The centaur warrior hits you but does no damage.
The centaur warrior kicks you. The boulder beetle closely misses you.
You fly upwards.
There is a stone staircase leading down, spattered with blood here.
Unknown command.
Unknown command.
Unknown command.
The centaur warrior misses you. The centaur warrior kicks you.
The centaur warrior completely misses you. x2
The centaur warrior wields a +0 orcbow.
The centaur warrior shoots an arrow.
The arrow hits you.
The vault guard attacks as it pursues you!
The vault guard hits you with a +2 battleaxe!
The centaur warrior shoots an arrow.
The arrow hits you!
The boulder beetle curls into a ball and begins rolling!
The centaur warrior shoots an arrow.
The arrow misses you.
As you read the scroll of teleportation, it crumbles to dust.
You feel strangely unstable.
The vault guard hits you with a +2 battleaxe!!
* * * LOW HITPOINT WARNING * * *
Unknown command.
The boulder beetle closely misses you.
The boulder beetle stops rolling and uncurls.
Your surroundings suddenly seem different.
The centaur warrior shoots an arrow.
The arrow completely misses you.
As you read the scroll of teleportation, it crumbles to dust.
You feel strangely unstable.
The centaur warrior shoots an arrow.
The arrow hits you!
* * * LOW HITPOINT WARNING * * *
The centaur warrior shoots an arrow.
The arrow hits you!
You die...

##.##### #...##.##
...###..# ...##...# ###
...###..###### ##.####
..####...##..###.#...##
....#..........#.#....##
.........##............#
........####....@.p..###
..........##..##.#c.##
....#.......>#####B.#
...###.........###..#
....)#..(......##..##
...............##.###
....).).............##
.....#.......####....#
.....##..#..## #...###


You could see a vault guard and a centaur warrior.

Vanquished Creatures
  Rupert (D:13)
  Nessos (Lair:3)
  2 catoblepae (Lair:4)
  A hydra (Lair:3)
  3 two-headed ogres
  A boulder beetle (D:12)
  2 centaur warriors
  3 thrashing horrors (Lair:5)
  Sonja (D:13)
  2 fire crabs
  Nergalle (D:12)
  A skyshark (Lair:3)
  A lindwurm (Lair:2)
  A deep elf pyromancer (D:12)
  3 ugly things
  2 manticores
  A large abomination (Lair:5)
  A cyclops (D:12)
  7 elephants
  2 black mambas
  A black mamba (shapeshifter) (D:8)
  A smoke demon (Lair:5)
  5 cane toads
  A cane toad (shapeshifter) (Lair:5)
  A torpor snail (Lair:1)
  An unseen horror (D:10)
  A rime drake (Lair:3)
  The ghost of purpleHaze the Trooper, an amateur OnWr (D:3)
  6 komodo dragons
  An efreet (D:10)
  2 polar bears
  5 trolls
  9 blink frogs (Lair:5)
  3 raiju (Lair:5)
  A dream sheep (Lair:2)
  4 slime creatures
  Sigmund (D:3)
  A culicivora (shapeshifter) (Lair:5)
  A spriggan (Lair:5)
  3 basilisks
  21 yaks
  A wyvern (shapeshifter) (Lair:5)
  A neqoxec (D:8)
  7 vampire mosquitoes
  A steam dragon (D:8)
  3 acid dragons
  8 water moccasins
  A hell hound (Volcano)
  An orc warrior (D:9)
  5 small abominations (Lair:5)
  2 black bears
  2 ogres (D:11)
  9 wolves
  13 centaurs
  2 kobold brigands
  7 bullfrogs
  A scorpion (D:6)
  A scorpion (shapeshifter) (D:8)
  2 killer bees (D:8)
  A howler monkey (D:11)
  3 electric eels
  A hound (D:6)
  2 orc priests
  A sleepcap (D:7)
  A gnoll bouda (D:8)
  A centaur skeleton (D:6)
  4 orc wizards
  10 iguanas
  A hell rat (Lair:3)
  A howler monkey zombie (D:6)
  A gnoll (D:11)
  A howler monkey skeleton (D:6)
  5 adders
  An ufetubus (D:7)
  A dart slug (D:1)
  15 orcs
  7 bats
  6 endoplasms
  4 giant cockroaches
  4 goblins
  4 hobgoblins
  6 jackals
  13 kobolds
  2 quokkas
  3 ball pythons
  10 frilled lizards
  5 rats
288 creatures vanquished.

Vanquished Creatures (collateral kills)
  2 vault guards
  A hydra (D:10)
  A centaur warrior (D:10)
  2 boulder beetles
  2 two-headed ogres
  A death yak (Lair:2)
  Urug (D:13)
  A thrashing horror (Lair:5)
  A skyshark (Lair:4)
  The ghost of PanSaczeczos the Skirmisher, a novice GnHu of Okawaru (D:8)
  A skeletal warrior (D:10)
  A lindwurm (Lair:4)
  4 ugly things
  2 cyclopes
  2 manticores (Lair:4)
  A salamander (Volcano)
  9 elephants
  A meliai (shapeshifter) (D:10)
  3 black mambas
  A smoke demon (Lair:5)
  5 cane toads
  An unseen horror zombie (D:6)
  8 komodo dragons
  3 rime drakes (Lair:3)
  A polar bear (shapeshifter) (D:8)
  An unseen horror skeleton (D:6)
  3 trolls
  The ghost of Quickbrownfox the Changeling, an amateur DrSh of Vehumet (D:6)
  11 blink frogs
  2 hornets
  A culicivora (Lair:3)
  2 small abominations (Lair:5)
  17 yaks
  A wyvern (D:8)
  A wraith (D:10)
  A spriggan (Lair:5)
  5 basilisks
  A fire bat (Volcano)
  A steam dragon (D:7)
  A vampire mosquito (D:11)
  A chaos spawn (Lair:5)
  Edmund (D:4)
  An acid dragon (D:9)
  2 water moccasins
  5 orc warriors
  A swamp drake (D:11)
  A black bear (D:5)
  2 ice beasts
  2 sky beasts
  An ogre (D:5)
  3 centaurs
  9 wolves
  A kobold brigand (D:11)
  2 bullfrogs
  2 gnoll sergeants (D:11)
  A scorpion (D:5)
  3 killer bees (D:8)
  3 howler monkeys
  7 electric eels (D:9)
  A bombardier beetle (D:6)
  6 orc priests
  3 hell rats (Lair:3)
  A sleepcap (D:5)
  8 iguanas
  10 orc wizards
  A nameless horror (D:7)
  3 adders
  8 gnolls
  A white imp (D:7)
  3 dart slugs
  27 orcs
  A ball python (D:1)
  2 endoplasms
  2 jackals
  2 quokkas
  3 frilled lizards
  6 kobolds
241 creatures vanquished.

Vanquished Creatures (others)
  A centaur warrior (D:10)
  A wyvern (Lair:2)
  An orc (D:9)
3 creatures vanquished.

Grand Total: 532 creatures vanquished

Notes
Turn   | Place    | Note
-------+----------+-------------------------------------------
     0 | D:1      | 12345 the Tengu Summoner began the quest for the Orb.
     0 | D:1      | Reached XP level 1. HP: 10/10 MP: 4/4
     1 | D:1      | Noticed an electric eel
   166 | D:1      | Reached skill level 5 in Summonings
   166 | D:1      | Reached XP level 2. HP: 12/16 MP: 4/6
   257 | D:1      | Learned a level 2 spell: Call Imp
   311 | D:1      | Reached skill level 1 in Fighting
   311 | D:1      | Reached skill level 1 in Long Blades
   316 | D:1      | Reached XP level 3. HP: 17/20 MP: 2/7
   679 | D:1      | Learned a level 3 spell: Call Canine Familiar
   977 | D:3      | Noticed Sigmund
   991 | D:3      | Killed Sigmund
   992 | D:3      | Reached skill level 2 in Long Blades
   992 | D:3      | Reached XP level 4. HP: 24/27 MP: 0/8
   992 | D:3      | Reached XP level 5. HP: 28/31 MP: 0/9
  1842 | D:3      | Reached XP level 6. HP: 36/36 MP: 6/10
  1857 | D:3      | Learned a level 4 spell: Summon Lightning Spire
  2051 | D:3      | Found Viynk's Jewellery Shop.
  2167 | D:3      | Found a faded altar of an unknown god.
  2438 | D:3      | Found a runed translucent door.
  2438 | D:3      | Noticed purpleHaze's ghost (amateur OnWr)
  2530 | D:4      | Noticed Edmund
  2547 | D:4      | Reached skill level 3 in Long Blades
  2927 | D:4      | Reached skill level 1 in Air Magic
  2954 | D:4      | Noticed a black bear
  2966 | D:4      | Killed a black bear
  3005 | D:4      | Killed Edmund
  3006 | D:4      | Gained mutation: Your magical flight helps you evade
                  | attacks. (EV +4) [Tengu growth]
  3006 | D:4      | Reached XP level 7. HP: 16/41 MP: 4/12
  3407 | D:5      | Entered Level 5 of the Dungeon
  3443 | D:5      | You are sucked into a shaft and drop 3 floors!
  3465 | D:7      | Reached skill level 4 in Long Blades
  3643 | D:7      | Noticed a yak
  3869 | D:5      | Reached XP level 8. HP: 48/48 MP: 8/13
  3908 | D:5      | Learned a level 3 spell: Summon Ice Beast
  4194 | D:5      | Reached skill level 5 in Long Blades
  4397 | D:5      | Noticed a two-headed ogre
  4496 | D:6      | Reached skill level 5 in Air Magic
  4593 | D:6      | Reached skill level 5 in Fighting
  4764 | D:6      | Found a runed translucent gate.
  4765 | D:6      | Found a runed translucent gate.
  4766 | D:6      | Found a runed translucent gate.
  4778 | D:6      | Found a shimmering blue altar of Sif Muna.
  4897 | D:6      | Noticed Quickbrownfox's ghost (amateur DrSh)
  5069 | D:6      | Reached XP level 9. HP: 44/54 MP: 9/15
  5247 | D:6      | Found a staircase to the Ecumenical Temple.
  5261 | Temple   | Entered the Ecumenical Temple
  5279 | Temple   | Became a worshipper of Elyvilon the Healer
  5293 | D:6      | Reached skill level 1 in Ice Magic
  5868 | D:3      | Killed purpleHaze's ghost
  5869 | D:3      | Reached skill level 6 in Long Blades
  6092 | D:7      | Reached skill level 5 in Dodging
  6465 | D:7      | Found a glowing silver altar of Zin.
  6501 | D:7      | Reached * piety under Elyvilon
  6877 | D:8      | Reached skill level 7 in Long Blades
  7251 | D:8      | Found a runed translucent gate.
  7251 | D:8      | Found a runed translucent gate.
  7253 | D:8      | Found a runed translucent gate.
  7253 | D:8      | Noticed a brown ugly thing
  7267 | D:8      | Noticed a green ugly thing
  7662 | D:7      | Reached XP level 10. HP: 22/61 MP: 13/18
  8020 | D:8      | Reached ** piety under Elyvilon
  8310 | D:8      | Reached skill level 5 in Spellcasting
  8506 | D:9      | Found a snail-covered altar of Cheibriados.
  8525 | D:9      | Found a blossoming altar of Fedhas.
  8528 | D:9      | Found an iron altar of Okawaru.
  8528 | D:9      | Found a stormy altar of Qazlal.
  9085 | D:9      | Reached skill level 8 in Long Blades
  9308 | D:9      | Reached skill level 1 in Invocations
  9659 | D:9      | Noticed a boulder beetle
 10137 | D:9      | Reached skill level 1 in Armour
 10676 | D:9      | HP: 2/64 [electric eel/bolt of electricity (10)]
 11313 | D:9      | Killed a boulder beetle
 11992 | D:6      | Reached XP level 11. HP: 63/68 MP: 16/20
 11997 | D:6      | Killed Quickbrownfox's ghost
 12015 | D:6      | Identified the +3 leather armour of Mumblety Peg {rF+ rC+
                  | Int+3}
 12137 | D:3      | Bought the ring "Zaur Oro" {Will++ rCorr} for 574 gold
                  | pieces
 12306 | D:10     | Entered Level 10 of the Dungeon
 12345 | D:10     | Found a staircase to the Lair.
 12557 | D:10     | Reached *** piety under Elyvilon
 12629 | D:10     | Killed a centaur warrior
 12776 | D:10     | Noticed a five-headed hydra
 12884 | D:10     | Killed a five-headed hydra
 12885 | D:10     | Reached skill level 9 in Long Blades
 12965 | D:10     | Noticed an entropy weaver
 13157 | D:10     | Noticed a cyclops
 13205 | D:10     | Killed a cyclops
 13250 | D:10     | Noticed a centaur warrior
 13812 | D:10     | Killed a centaur warrior
 13966 | D:10     | Found Minget's Magic Scroll Shoppe.
 13974 | D:10     | Bought a scroll of fear for 48 gold pieces
 13974 | D:10     | Bought a scroll of amnesia for 48 gold pieces
 14000 | D:10     | Noticed a white ugly thing
 14075 | D:10     | Noticed a manticore
 14090 | D:10     | Killed a manticore
 14226 | D:10     | Killed a white ugly thing
 14293 | D:10     | Identified the +1 robe "Fis Rojy" {rElec Will+}
 14881 | D:10     | Found Minget's Magic Scroll Shoppe.
 15094 | D:10     | Found a staircase to the Lair.
 15102 | D:10     | Noticed a skeletal warrior
 15121 | D:10     | Killed a skeletal warrior
 15203 | D:10     | Found a staircase to the Lair.
 15295 | D:10     | Found Minget's Magic Scroll Shoppe.
 15957 | D:11     | Noticed a two-headed ogre
 15963 | D:11     | Killed a two-headed ogre
 15964 | D:11     | Reached skill level 10 in Long Blades
 15993 | D:11     | Noticed a cyclops
 16004 | D:11     | Killed a cyclops
 16005 | D:11     | Reached XP level 12. HP: 76/76 MP: 14/22
 16435 | D:11     | Found a staircase to the Orcish Mines.
 17011 | D:11     | Reached skill level 10 in Summonings
 17434 | D:11     | Was placed under penance by Elyvilon
 17550 | Lair:1   | Entered Level 1 of the Lair of Beasts
 18052 | Lair:1   | Was forgiven by Elyvilon
 18109 | Lair:1   | Reached skill level 11 in Long Blades
 18621 | Lair:2   | Reached **** piety under Elyvilon
 18797 | Lair:2   | Found a broken altar of Ashenzari.
 18957 | Lair:2   | Noticed a skyshark
 18991 | Lair:2   | Reached skill level 10 in Fighting
 19041 | Lair:2   | Reached skill level 5 in Invocations
 19100 | Lair:2   | Noticed a boulder beetle
 19123 | Lair:2   | Killed a boulder beetle
 19124 | Lair:2   | Reached skill level 10 in Dodging
 19124 | Lair:2   | Reached XP level 13. HP: 68/82 MP: 17/23
 19527 | Lair:2   | Reached skill level 12 in Long Blades
 20194 | Lair:3   | Found a staircase to the Swamp.
 21350 | Lair:3   | Noticed Nessos
 21380 | Lair:3   | Killed Nessos
 21509 | Lair:3   | Found a hole to the Spider Nest.
 22093 | Lair:4   | Reached skill level 13 in Long Blades
 22382 | Lair:4   | Reached ***** piety under Elyvilon
 22484 | Lair:4   | Found a dark tunnel.
 22502 | Volcano  | Entered a volcano
 22717 | Volcano  | Reached XP level 14. HP: 54/88 MP: 2/24
 23436 | Lair:4   | Found a staircase to the Slime Pits.
 23436 | Lair:4   | Found a viscous altar of Jiyva.
 23507 | Lair:4   | HP: 4/90 [manticore (10)]
 23507 | Lair:4   | Elyvilon protects you from harm!
 24587 | Lair:5   | Entered Level 5 of the Lair of Beasts
 24922 | Lair:5   | Reached skill level 14 in Long Blades
 26219 | Lair:5   | Reached skill level 5 in Armour
 26317 | Lair:5   | Found a corrupted altar of Lugonu.
 26317 | Lair:5   | Found a one-way gate to the infinite horrors of the Abyss.
 27095 | D:8      | Reached XP level 15. HP: 55/96 MP: 22/25
 27213 | D:8      | Found a runed translucent gate.
 27213 | D:8      | Found a runed translucent gate.
 27217 | D:8      | Noticed PanSaczeczos's ghost (novice GnHu)
 27218 | D:8      | Found a runed translucent gate.
 27277 | D:8      | Killed PanSaczeczos's ghost
 27483 | D:8      | Learned a level 3 spell: Swiftness
 28204 | D:12     | Noticed Nergalle
 28211 | D:12     | Killed Nergalle
 28454 | D:13     | Noticed Urug
 28471 | D:13     | Killed Urug
 28860 | D:13     | Noticed Rupert
 28871 | D:13     | Killed Rupert
 28872 | D:13     | Reached skill level 15 in Long Blades
 28997 | D:13     | Noticed Sonja
 29002 | D:13     | Killed Sonja
 29152 | D:13     | Reached ****** piety under Elyvilon
 29351 | D:14     | Found a gate to the Vaults.
 29530 | D:13     | Elyvilon protects you from harm!
 29766 | D:13     | Shot with an arrow by a centaur warrior

Illustrated notes

Levels and vault maps discovered:
D:1:      arrival_aquarium_a, layout_basic, minmay_pentomino_o2
D:2:      layout_rooms
D:3:      layout_loops_cross, gammafunk_ghost_grave, serial_shops,
          nicolae_shop_crystal, basic_ecumenical_altar, uniq_sigmund
D:4:      layout_basic, kennysheep_big_empty_room, uniq_edmund
D:5:      layout_rooms, minmay_misc_feat_square,
          serial_library_hellmonk_small_alcove,
          serial_library_hellmonk_small_alcove, lightli_corner_chamber
D:6:      layout_gridville, led_sif_pool, minmay_temple_entry_tees,
          gammafunk_ghost_necromancy
D:7:      layout_basic, zin_treasury, kennysheep_minor_cross,
          dreamdust_mushroom_princess, nrook_mini_vaults, billiards_dpeg
D:8:      kennysheep_steamy, layout_basic,
          ploomutoo_gammafunk_ghost_potion_laboratory
D:9:      layout_loops_ring, grunt_temple_overflow_open, serial_bayou,
          serial_bayou_crossing, serial_bayou_lagoon_a, serial_bayou_ford_a,
          serial_bayou_shore_a, minmay_misc_feat_pillars, minivault_10
D:10:     minmay_the_grid_triangle_9x9_recursive_2
          [minmay_the_grid_triangle_9x9_prize_schism,
          minmay_the_grid_triangle_9x9_negative_grid,
          minmay_the_grid_triangle_9x9_impossible_snake,
          minmay_the_grid_triangle_9x9_intruding_spiral], layout_gridville,
          lair_entry_dummy, serial_shops, nicolae_shop_peninsula,
          hangedman_decor_diamond_cutter
D:11:     lemuel_reptile_caves, layout_long_grid,
          kennysheep_orc_monster_closet_entryway, serial_rivers,
          chequers_serial_rivers_micro_c, chequers_serial_rivers_small_3,
          chequers_serial_rivers_micro_a, chequers_serial_rivers_small_a,
          chequers_serial_rivers_small_b
D:12:     layout_rooms, uniq_nergalle
D:13:     layout_cave_pools, uniq_sonja, uniq_urug, uniq_rupert
D:14:     layout_gridville, lightli_vaults_fourway_checkpoint,
          kiku_gazebo_garden_becter, drop_trap, minmay_fractal_squares_5,
          uniq_snorg, uniq_josephine, uniq_louise
Temple:   compressed_dpeg_triangle_lava_temple
Lair:1:   layout_loops_ring
Lair:2:   nzn_winding_woodlands_stair_trap [nzn_winding_woodlands_5x15_default,
          nzn_winding_woodlands_5x15_garden,
          nzn_winding_woodlands_5x15_concentric,
          nzn_winding_woodlands_15x15_thick_spiral,
          nzn_winding_woodlands_5x15_split_checker,
          nzn_winding_woodlands_5x15_jagged, nzn_winding_woodlands_5x15_zeroes],
          layout_misc_corridors, basic_altar, grunt_forest_small_clearing_treed
Lair:3:   layout_small_grid, swamp_mist_pool,
          hellmonk_spider_entry_life_and_decay, grunt_megastairs_4, uniq_nessos
Lair:4:   nzn_motion_control, layout_concentric_octagons, slime_entry_1,
          nicolae_volcano_entry_vermiform
Lair:5:   hellmonk_lair_end_abyssal_woods, layout_layer_cave, grunt_megastairs_2

Skill      XL: |  1  2  3  4  5  6  7  8  9 10 11 12 13 14 15 |
---------------+----------------------------------------------+-----
Summonings     | 5 6 7 8 9 10 11 | 11.8
Fighting       | 1 2 3 4 5 6 8 9 10 11 12 | 12.2
Long Blades    | 1 2 3 4 5 7 8 10 11 13 14 15 | 15.1
Dodging        | 3 4 5 6 8 10 11 13 | 13.6
Air Magic      | 2 3 5 6 7 |  7.0
Spellcasting   | 3 4 5 6 |  6.0
Ice Magic      | 2 |  2.0
Invocations    | 1 3 5 6 7 |  7.8
Armour         | 2 3 5 |  5.1
Stealth        | |  2.0

Action                     |  1- 3 |  4- 6 |  7- 9 | 10-12 | 13-15 || total
---------------------------+-------+-------+-------+-------+-------++-------
  Melee: Short sword       |    48 |    80 |   114 |     2 |       ||   244
         Kick              |    13 |    28 |    57 |   132 |   207 ||   437
         Unarmed           |     2 |       |       |       |       ||     2
         Peck              |     9 |    18 |    31 |    90 |   132 ||   280
         Punch             |     1 |     1 |     4 |     8 |     1 ||    15
         Long sword        |       |       |    48 |   145 |       ||   193
         Scimitar          |       |       |       |   196 |   170 ||   366
         Great sword       |       |       |       |       |   339 ||   339
  Throw: Dart              |       |       |     1 |     5 |     2 ||     8
   Cast: Summon Small Mamm |    17 |     3 |       |       |       ||    20
         Call Imp          |     5 |     7 |     7 |       |       ||    19
         Call Canine Famil |     1 |     8 |    16 |    13 |     4 ||    42
         Summon Lightning  |       |     1 |    25 |    71 |   104 ||   201
         Summon Ice Beast  |       |       |    12 |    41 |    32 ||    85
 Invoke: Heal Other        |       |       |       |       |     3 ||     3
         Heal Self         |       |       |       |       |     3 ||     3
         Purification      |       |       |       |       |     1 ||     1
  Evoke: Wand              |       |       |     1 |     2 |     6 ||     9
    Use: Scroll            |       |     3 |     4 |     9 |    10 ||    26
         Potion            |       |       |     1 |       |     1 ||     2
   Stab: Sleeping          |     2 |     6 |     4 |     3 |     2 ||    17
         Distracted        |     1 |       |     7 |    14 |    17 ||    39
         Betrayed ally     |       |       |       |     1 |       ||     1
         Paralysed         |       |       |       |       |     2 ||     2
 Armour: Robe              |    12 |       |       |       |       ||    12
         Leather armour    |     9 |    34 |    79 |   169 |   135 ||   426
         Quicksilver drago |       |       |       |    56 |   207 ||   263
         Steam dragon scal |       |       |       |    21 |       ||    21
  Dodge: Dodged            |    40 |    43 |   163 |   410 |   625 ||  1281
